 Dungeon Crawl Stone Soup version 0.21.1-1-g345015f (webtiles) character file.

177 letownia2 the Magician (level 5, 0/35 HPs)
             Began as a Merfolk Wizard on Mar 18, 2018.
             Slain by a hound (5 damage)
             ... on level 4 of the Dungeon.
             The game lasted 00:09:15 (1522 turns).

letownia2 the Magician (Merfolk Wizard)             Turns: 1522, Time: 00:09:15

Health: 0/35       AC:  2    Str:  7    XL:     5   Next: 57%
Magic:  2/10       EV: 13    Int: 18    God:
Gold:   177        SH:  0    Dex: 13    Spells: 2/11 levels left

rFire    . . .     SeeInvis .   f - +0 short sword
rCold    . . .     Gourm    .   (no shield)
rNeg     + . .     Faith    .   a - +0 robe
rPois    .         Spirit   .   b - +0 hat
rElec    .         Reflect  .   (no cloak)
rCorr    .         Harm     .   (no gloves)
MR       +++..     Clarity  +   (no boots)
Stlth    ++........             r - amulet of the Four Winds {rN+ MR+++ Clar}
HPRegen  0.11/turn              (no ring)
MPRegen  0.12/turn              (no ring)

@: hasted, very quick
A: change form in water, swift swim, stealthy swim
a: no special abilities


You were on level 4 of the Dungeon.
You were not hungry.

You visited 1 branch of the dungeon, and saw 4 of its levels.

You collected 177 gold pieces.

Inventory:

Hand Weapons
 f - a +0 short sword (weapon)
 k - a +0 spear
 u - a cursed -2 whip
Missiles
 g - 35 stones (quivered)
Armour
 a - a +0 robe (worn)
 b - a +0 hat (worn)
 o - a +0 leather armour
 v - a +0 helmet
Jewellery
 r - the amulet of the Four Winds (around neck) {rN+ MR+++ Clar}
   (You found it on level 4 of the Dungeon)

   [amulet of nothing]

   It protects you from negative energy.
   It affects your resistance to hostile enchantments.
   It protects you against confusion.
Scrolls
 e - a scroll of teleportation {unknown}
 i - a scroll of amnesia {unknown}
 j - a scroll of remove curse {unknown}
 t - a scroll of identify {unknown}
Potions
 l - a potion of heal wounds {unknown}
 n - a potion of lignification {unknown}
 p - a potion of mutation {unknown}
 s - a potion of might {unknown}
Books
 c - a book of Minor Magic

   Spells                             Type                      Level
   a - Magic Dart                     Conjuration                  1
   b - Blink                          Translocation                2
   c - Call Imp                       Summoning                    2
   d - Slow                           Hexes                        2
   e - Conjure Flame                  Conjuration/Fire             3
   f - Mephitic Cloud                 Conjuration/Poison/Air       3
Comestibles
 d - 6 rations
 q - 2 chunks of flesh


   Skills:
 - Level 2.6 Dodging
 - Level 2.1 Stealth
 + Level 3.5 Spellcasting
 - Level 3.0 Conjurations
 - Level 1.4 Summonings
   Level 0.7 Translocations
 - Level 1.0 Fire Magic
 - Level 1.0 Air Magic
 - Level 1.3 Poison Magic


You had 2 spell levels left.
You knew the following spells:

 Your Spells              Type           Power        Failure   Level  Hunger
a - Magic Dart            Conj           ##..         4%          1    None
c - Conjure Flame         Conj/Fire      ##......     21%         3    ###....
e - Mephitic Cloud        Conj/Pois/Air  #.......     22%         3    ###....
i - Call Imp              Summ           #.......     13%         2    ##.....


Dungeon Overview and Level Annotations

Branches:
Dungeon (4/15)
 Temple: D:4-7

Altars:
Nemelex Xobeh

Annotations:
D:2 Sigmund


Message History

Unknown command.
You closely miss the hound.
The hound is moderately wounded.
Your crimson imp disappears in a puff of smoke!
The hound bites you.
* * * LOW HITPOINT WARNING * * *
The hound bites you.
* * * LOW HITPOINT WARNING * * *
You closely miss the hound.
The hound is moderately wounded.
The hound bites you.
* * * LOW HITPOINT WARNING * * *
Unknown command.
Unknown command.
You feel better. The hound bites you.
* * * LOW HITPOINT WARNING * * *
The hound closely misses you.
Unknown command.
It was a potion of haste.
You feel yourself speed up. The hound bites you.
You die...

..8##†(..........#
...##............#
...>#.....)......#
..##....<.......#
8##......#######
#......#
#######......#
.............#
###'###h@....#
#....(.# #......#
#...$..# #......#
.....# #......#
.....# #......#
.....# #[.....#
.....# #......#


You could see a hound.

Vanquished Creatures
  2 orc wizards (D:3)
  3 gnolls (D:3)
  2 adders (D:2)
  A leopard gecko (D:3)
  3 orcs
  3 bats
  2 giant cockroaches
  3 hobgoblins
  A jackal (D:2)
  A frilled lizard (D:2)
  A goblin (D:1)
  2 kobolds
  3 rats (D:2)
27 creatures vanquished.

Vanquished Creatures (collateral kills)
  A hound (D:4)
  4 adders
  A gnoll (D:3)
  A worm (D:2)
  A hobgoblin (D:2)
  2 jackals (D:2)
10 creatures vanquished.

Grand Total: 37 creatures vanquished

Notes
Turn   | Place    | Note
-------+----------+-------------------------------------------
     0 | D:1      | letownia2 the Merfolk Wizard began the quest for the Orb.
     0 | D:1      | Reached XP level 1. HP: 13/13 MP: 4/4
   115 | D:1      | Reached skill level 1 in Conjurations
   234 | D:2      | Reached XP level 2. HP: 2/19 MP: 0/6
   248 | D:2      | Learned a level 2 spell: Call Imp
   304 | D:2      | Noticed Sigmund
   468 | D:2      | Reached XP level 3. HP: 20/24 MP: 1/7
   479 | D:2      | Learned a level 3 spell: Mephitic Cloud
   664 | D:3      | Found a sparkling altar of Nemelex Xobeh.
   775 | D:4      | Reached skill level 1 in Poison Magic
   870 | D:3      | Reached XP level 4. HP: 14/30 MP: 1/8
  1015 | D:4      | Found the amulet of the Four Winds {rN+ MR+++ Clar}
  1162 | D:3      | Reached skill level 1 in Air Magic
  1170 | D:3      | Learned a level 3 spell: Conjure Flame
  1421 | D:3      | Reached XP level 5. HP: 19/35 MP: 5/10
  1481 | D:4      | Reached skill level 1 in Fire Magic
  1522 | D:4      | Slain by a hound

Skill      XL: |  1  2  3  4  5 |
---------------+----------------+-----
Conjurations   | 1 2 3 |  3.0
Poison Magic   | 1 |  1.3
Air Magic      | 1 |  1.0
Fire Magic     | 1 |  1.0
Dodging        | |  2.6
Stealth        | |  2.1
Spellcasting   | |  3.5
Summonings     | |  1.4
Translocations | |  0.7

Action                   |  1- 3 |  4- 6 || total
-------------------------+-------+-------++-------
Melee: Short sword       |    30 |    29 ||    59
       Unarmed           |     4 |       ||     4
Throw: Stone             |     1 |     5 ||     6
 Cast: Magic Dart        |    36 |    31 ||    67
       Call Imp          |    11 |     4 ||    15
       Mephitic Cloud    |       |     6 ||     6
  Use: Potion            |       |     3 ||     3
 Stab: Sleeping          |     2 |     1 ||     3
       Confused          |       |     4 ||     4
  Eat: Chunk             |       |     3 ||     3
Armor: Robe              |     9 |     3 ||    12
Dodge: Dodged            |    31 |    25 ||    56
